cohdb
Replays
Latest Replays
All Replays
Popular Replays
Top Player Replays
Match Explorer
How It Works
Community
CoH3 Stats
Reddit
Sign in to upload your games and track your stats! →
Sign in with Steam
Match 45333234
Unlisted
Match 45333234
Overview
Messages
Build Orders
End
Royal Engineer Section
Construct Section Command Post
Construct Section Command Post
Construct Section Command Post
Selects Indian Artillery Battlegroup
Infantry Section
Infantry Section
Vickers Machine Gun Team
Construct Platoon Command Post
Selects War Cry
Selects Gurkha Rifles Section
Gurkha Rifles Section
Gurkha Rifles Section
Selects Artillery Saturation
Unlock Bishop Self-propelled Artillery
Gikerl
Tschuikow
pagep
7k this year for sure
0
0
Comments
sign in to comment!
No comments posted yet!